TOP OF THE 1ST |
University of North Carolina at Chapel Hill Tar Heels batting - Pitching for University of Arizona Wildcats : RHP Chris Galloway
|
Pitching: RHP Chris Galloway
|
|
Batting: RHB Bill Atley
|
0-0: Called Strike 0-1: Ball 1-1: Called Strike 1-2: SINGLE (Groundball, P, EV 81.9 MPH) (infield hit)
|
Batting: SHB Ryan Marsh
|
0-0: Called Strike 0-1: Ball 1-1: Ball 2-1: Swinging Strike 2-2: Strikes out swinging
|
Batting: SHB Sam Fredrick
|
0-0: Ball Bill Atley steals 2nd base 1-0: Swinging Strike 1-1: Called Strike 1-2: Fly out, F8 (Flyball, 8LM, EV 96.2 MPH)
|
Batting: RHB Jeremy Rollins
|
0-0: Swinging Strike 0-1: Foul Ball, location: 2F 0-2: Fly out, F8 (Flyball, 89D, EV 97.5 MPH)
|
Top of the 1st over - 0 runs, 1 hit, 0 errors, 1 left on base; University of North Carolina at Chapel Hill 0 - University of Arizona 0 |
BOTTOM OF THE 1ST |
University of Arizona Wildcats batting - Pitching for University of North Carolina at Chapel Hill Tar Heels : LHP Francisco Guerra
|
Pitching: LHP Francisco Guerra
|
|
Batting: LHB Jere Paatelainen
|
0-0: Foul Ball, location: 2F 0-1: Ball 1-1: Ball 2-1: Called Strike 2-2: Ball 3-2: Foul Ball, location: 2F 3-2: Ground out 4-3 (Groundball, 4, EV 93.1 MPH)
|
Batting: RHB Dan Doggett
|
0-0: Ball 1-0: Ball 2-0: Ball 3-0: Called Strike 3-1: Called Strike 3-2: Base on Balls
|
Batting: RHB Ron Dondale
|
0-0: Fielders Choice at 2nd, 4-6 (Groundball, 4, EV 78.8 MPH)
|
Batting: RHB Steve Carmichael
|
0-0: Ball 1-0: Ball 2-0: Ball 3-0: Called Strike 3-1: Base on Balls Ron Dondale to second
|
Batting: RHB Manny Corral
|
0-0: Foul Ball, location: 2F 0-1: Foul Ball, location: 2F 0-2: Ball 1-2: Foul Ball, location: 2F 1-2: Foul Ball, location: 2F 1-2: Foul Ball, location: 2F 1-2: Ball 2-2: Foul Ball, location: 2F 2-2: Ball 3-2: 3-RUN HOME RUN (Flyball, 7D, EV 98.8 MPH), Distance : 367 ft
|
Batting: RHB Eddy Amaya
|
0-0: Called Strike 0-1: Called Strike 0-2: Foul Ball, location: 2F 0-2: Strikes out swinging
|
Bottom of the 1st over - 3 runs, 1 hit, 0 errors, 0 left on base; University of North Carolina at Chapel Hill 0 - University of Arizona 3 |
TOP OF THE 2ND |
University of North Carolina at Chapel Hill Tar Heels batting - Pitching for University of Arizona Wildcats : RHP Chris Galloway
|
Batting: SHB Jim Saxon
|
0-0: Ball 1-0: Ball 2-0: Called Strike 2-1: Ground out U3 (Groundball, 3, EV 90.6 MPH)
|
Batting: RHB Tan Halit
|
0-0: Ball 1-0: Called Strike 1-1: Fly out, F9 (Flyball, 9, EV 92.5 MPH)
|
Batting: RHB Tony Jennings
|
0-0: Ground out 4-3 (Groundball, 4, EV 90.0 MPH)
|
Top of the 2nd over - 0 runs, 0 hits, 0 errors, 0 left on base; University of North Carolina at Chapel Hill 0 - University of Arizona 3 |
BOTTOM OF THE 2ND |
University of Arizona Wildcats batting - Pitching for University of North Carolina at Chapel Hill Tar Heels : LHP Francisco Guerra
|
Batting: LHB Andrew Davis
|
0-0: Ball 1-0: Called Strike 1-1: Foul Ball, location: 2F 1-2: Foul Ball, location: 2F 1-2: Strikes out swinging
|
Batting: RHB Larry Harlow
|
0-0: Ground out 6-3 (Groundball, 6, EV 88.1 MPH)
|
Batting: LHB Lihau Keawe
|
0-0: Called Strike 0-1: Foul Ball, location: 2F 0-2: Ball 1-2: Ground out 4-3 (Groundball, 4, EV 90.6 MPH)
|
Bottom of the 2nd over - 0 runs, 0 hits, 0 errors, 0 left on base; University of North Carolina at Chapel Hill 0 - University of Arizona 3 |
TOP OF THE 3RD |
University of North Carolina at Chapel Hill Tar Heels batting - Pitching for University of Arizona Wildcats : RHP Chris Galloway
|
Batting: RHB Scott Hansen
|
0-0: Ground out 6-3 (Groundball, 56, EV 106.2 MPH)
|
Batting: RHB Mike Storey
|
0-0: Ball 1-0: Foul Ball, location: 2F 1-1: Ball 2-1: Swinging Strike 2-2: Foul Ball, location: 2F 2-2: Foul Ball, location: 2F 2-2: Ball 3-2: Foul Ball, location: 2F 3-2: Base on Balls
|
Batting: RHB Bill Atley
|
0-0: Called Strike 0-1: Fly out, F9 (Flyball, 89M, EV 94.4 MPH)
|
Batting: SHB Ryan Marsh
|
0-0: Called Strike 0-1: Foul Ball, location: 2F 0-2: Ball 1-2: Fly out, F9 (Flyball, 9S, EV 75.0 MPH)
|
Top of the 3rd over - 0 runs, 0 hits, 0 errors, 1 left on base; University of North Carolina at Chapel Hill 0 - University of Arizona 3 |
BOTTOM OF THE 3RD |
University of Arizona Wildcats batting - Pitching for University of North Carolina at Chapel Hill Tar Heels : LHP Francisco Guerra
|
Batting: LHB Jere Paatelainen
|
0-0: Called Strike 0-1: Ball 1-1: Ground out 1-3 (Groundball, 13, EV 68.8 MPH)
|
Batting: RHB Dan Doggett
|
0-0: Swinging Strike 0-1: Ball 1-1: Ground out 4-3 (Groundball, 4, EV 106.2 MPH)
|
Batting: RHB Ron Dondale
|
0-0: Ball 1-0: Ground out 5-3 (Groundball, 5, EV 92.5 MPH)
|
Bottom of the 3rd over - 0 runs, 0 hits, 0 errors, 0 left on base; University of North Carolina at Chapel Hill 0 - University of Arizona 3 |
TOP OF THE 4TH |
University of North Carolina at Chapel Hill Tar Heels batting - Pitching for University of Arizona Wildcats : RHP Chris Galloway
|
Batting: SHB Sam Fredrick
|
0-0: Ball 1-0: Called Strike 1-1: Ball 2-1: Called Strike 2-2: Foul Ball, location: 2F 2-2: Strikes out swinging
|
Batting: RHB Jeremy Rollins
|
0-0: Ball 1-0: Called Strike 1-1: Ball 2-1: Ball 3-1: Fly out, F7 (Flyball, 78D, EV 101.2 MPH)
|
Batting: SHB Jim Saxon
|
0-0: Called Strike 0-1: Ball 1-1: Fly out, F7 (Flyball, 78S, EV 90.0 MPH)
|
Top of the 4th over - 0 runs, 0 hits, 0 errors, 0 left on base; University of North Carolina at Chapel Hill 0 - University of Arizona 3 |
BOTTOM OF THE 4TH |
University of Arizona Wildcats batting - Pitching for University of North Carolina at Chapel Hill Tar Heels : LHP Francisco Guerra
|
Batting: RHB Steve Carmichael
|
0-0: Called Strike 0-1: Called Strike 0-2: Ball 1-2: Fly out, F7 (Flyball, 78M, EV 72.5 MPH)
|
Batting: RHB Manny Corral
|
0-0: Called Strike 0-1: Foul Ball, location: 2F 0-2: Ball 1-2: Ball 2-2: Ball 3-2: Base on Balls
|
Batting: RHB Eddy Amaya
|
0-0: Called Strike 0-1: Called Strike 0-2: Ball 1-2: Foul Ball, location: 2F 1-2: Ball 2-2: Foul Ball, location: 2F 2-2: Ball 3-2: Foul Ball, location: 2F 3-2: Foul Ball, location: 2F 3-2: Base on Balls Manny Corral to second
|
Batting: LHB Andrew Davis
|
0-0: Called Strike 0-1: Ball 1-1: Called Strike 1-2: Strikes out looking
|
Batting: RHB Larry Harlow
|
0-0: Ball 1-0: Ball 2-0: Ball 3-0: Called Strike 3-1: Base on Balls Manny Corral to third Eddy Amaya to second
|
Pitching: RHP C.J. Dombrowski
|
|
Batting: LHB Lihau Keawe
|
0-0: Ball 1-0: Ground out 4-3 (Groundball, 4, EV 94.4 MPH)
|
Bottom of the 4th over - 0 runs, 0 hits, 0 errors, 3 left on base; University of North Carolina at Chapel Hill 0 - University of Arizona 3 |
TOP OF THE 5TH |
University of North Carolina at Chapel Hill Tar Heels batting - Pitching for University of Arizona Wildcats : RHP Chris Galloway
|
Batting: RHB Tan Halit
|
0-0: Foul Ball, location: 2F 0-1: Swinging Strike 0-2: Foul Ball, location: 2F 0-2: Ball 1-2: Ball 2-2: SINGLE (Groundball, 13S, EV 70.0 MPH) (infield hit)
|
Batting: RHB Tony Jennings
|
0-0: Called Strike 0-1: Ball 1-1: Sac Bunt to 13 - play at first, batter OUT! 1-3 Tan Halit to second
|
Batting: RHB Scott Hansen
|
0-0: Ball 1-0: Foul Ball, location: 2F 1-1: Foul Ball, location: 2F 1-2: Ground out 6-3 (Groundball, 6, EV 83.1 MPH)
|
Batting: RHB Mike Storey
|
0-0: Ball 1-0: Called Strike 1-1: Ball 2-1: Ball 3-1: Foul Ball, location: 2F 3-2: Base on Balls
|
Batting: RHB Bill Atley
|
0-0: Ground out 4-3 (Groundball, 4, EV 90.6 MPH)
|
Top of the 5th over - 0 runs, 1 hit, 0 errors, 2 left on base; University of North Carolina at Chapel Hill 0 - University of Arizona 3 |
BOTTOM OF THE 5TH |
University of Arizona Wildcats batting - Pitching for University of North Carolina at Chapel Hill Tar Heels : RHP C.J. Dombrowski
|
Batting: LHB Jere Paatelainen
|
0-0: Called Strike 0-1: Foul Ball, location: 2F 0-2: Fly out, F6 (Line Drive, 6M, EV 71.2 MPH)
|
Batting: RHB Dan Doggett
|
0-0: Ball 1-0: Foul Ball, location: 2F 1-1: Foul Ball, location: 2F 1-2: Ball 2-2: Foul Ball, location: 2F 2-2: Strikes out swinging
|
Batting: RHB Ron Dondale
|
0-0: Ball 1-0: Ball 2-0: Ball 3-0: Foul Ball, location: 2F 3-1: Base on Balls
|
Batting: RHB Steve Carmichael
|
0-0: Ball 1-0: Fly out, F9 (Flyball, 89M, EV 96.2 MPH)
|
Bottom of the 5th over - 0 runs, 0 hits, 0 errors, 1 left on base; University of North Carolina at Chapel Hill 0 - University of Arizona 3 |
TOP OF THE 6TH |
University of North Carolina at Chapel Hill Tar Heels batting - Pitching for University of Arizona Wildcats : RHP Chris Galloway
|
Pitching: RHP Jimmy Serna
|
|
Batting: SHB Ryan Marsh
|
0-0: Foul Ball, location: 2F 0-1: Swinging Strike 0-2: Strikes out swinging
|
Batting: SHB Sam Fredrick
|
0-0: Ball 1-0: Fly out, F7 (Flyball, 7LMF, EV 87.5 MPH)
|
Batting: RHB Jeremy Rollins
|
0-0: Called Strike 0-1: Ground out 5-3 (Groundball, 5, EV 90.0 MPH)
|
Top of the 6th over - 0 runs, 0 hits, 0 errors, 0 left on base; University of North Carolina at Chapel Hill 0 - University of Arizona 3 |
BOTTOM OF THE 6TH |
University of Arizona Wildcats batting - Pitching for University of North Carolina at Chapel Hill Tar Heels : RHP C.J. Dombrowski
|
Batting: RHB Manny Corral
|
0-0: Fly out, F2 (Popup, 2LF, EV 94.4 MPH)
|
Batting: RHB Eddy Amaya
|
0-0: Called Strike 0-1: Called Strike 0-2: Foul Ball, location: 2F 0-2: Strikes out swinging
|
Batting: LHB Andrew Davis
|
0-0: Called Strike 0-1: Ball 1-1: Foul Ball, location: 2F 1-2: Strikes out looking
|
Bottom of the 6th over - 0 runs, 0 hits, 0 errors, 0 left on base; University of North Carolina at Chapel Hill 0 - University of Arizona 3 |
TOP OF THE 7TH |
University of North Carolina at Chapel Hill Tar Heels batting - Pitching for University of Arizona Wildcats : RHP Jimmy Serna
|
Batting: SHB Jim Saxon
|
0-0: Ball 1-0: Swinging Strike 1-1: Called Strike 1-2: Strikes out swinging
|
Batting: RHB Tan Halit
|
0-0: Ball 1-0: Fly out, F8 (Line Drive, 8RM, EV 83.8 MPH)
|
Batting: RHB Tony Jennings
|
0-0: Foul Ball, location: 2F 0-1: Ground out 6-3 (Groundball, 6M, EV 84.4 MPH)
|
Top of the 7th over - 0 runs, 0 hits, 0 errors, 0 left on base; University of North Carolina at Chapel Hill 0 - University of Arizona 3 |
BOTTOM OF THE 7TH |
University of Arizona Wildcats batting - Pitching for University of North Carolina at Chapel Hill Tar Heels : RHP C.J. Dombrowski
|
Pitching: RHP Vince Sumpter
|
|
Batting: RHB Larry Harlow
|
0-0: Ball 1-0: Ball 2-0: Ball 3-0: Called Strike 3-1: Base on Balls
|
Batting: LHB Lihau Keawe
|
0-0: Swinging Strike 0-1: Ball 1-1: Sac Bunt to 15 - play at first, batter OUT! 1-3 Larry Harlow to second
|
Batting: LHB Jere Paatelainen
|
0-0: Swinging Strike 0-1: Foul Ball, location: 2F 0-2: Ball 1-2: Ball 2-2: Strikes out looking
|
Batting: RHB Dan Doggett
|
0-0: Ball 1-0: Ground out 6-3 (Groundball, 6, EV 83.1 MPH)
|
Bottom of the 7th over - 0 runs, 0 hits, 0 errors, 1 left on base; University of North Carolina at Chapel Hill 0 - University of Arizona 3 |
TOP OF THE 8TH |
University of North Carolina at Chapel Hill Tar Heels batting - Pitching for University of Arizona Wildcats : RHP Jimmy Serna
|
Pitching: LHP Lance Freake
|
|
Batting: RHB Scott Hansen
|
0-0: Called Strike 0-1: Ball 1-1: Called Strike 1-2: Strikes out swinging
|
Batting: RHB Mike Storey
|
0-0: Foul Ball, location: 2F 0-1: Foul Ball, location: 2F 0-2: Foul Ball, location: 2F 0-2: Ground out 2-3 (Groundball, 15S, EV 71.9 MPH)
|
Batting: RHB Bill Atley
|
0-0: Ground out 5-3 (Groundball, 56, EV 87.5 MPH)
|
Top of the 8th over - 0 runs, 0 hits, 0 errors, 0 left on base; University of North Carolina at Chapel Hill 0 - University of Arizona 3 |
BOTTOM OF THE 8TH |
University of Arizona Wildcats batting - Pitching for University of North Carolina at Chapel Hill Tar Heels : RHP Vince Sumpter
|
Pitching: RHP Alex Aldaya
|
|
Batting: RHB Ron Dondale
|
0-0: Ball 1-0: Fly out, F9 (Line Drive, 9LM, EV 86.2 MPH)
|
Batting: RHB Steve Carmichael
|
0-0: Ball 1-0: Ball 2-0: Ball 3-0: Base on Balls
|
Batting: RHB Manny Corral
|
0-0: Ball 1-0: Ball 2-0: Foul Ball, location: 2F 2-1: Foul Ball, location: 2F 2-2: Foul Ball, location: 2F 2-2: Ball 3-2: Fly out, F8 (Flyball, 89D, EV 99.4 MPH)
|
Batting: RHB Eddy Amaya
|
0-0: Ball 1-0: Foul Ball, location: 2F 1-1: Called Strike 1-2: Ball 2-2: Strikes out looking
|
Bottom of the 8th over - 0 runs, 0 hits, 0 errors, 1 left on base; University of North Carolina at Chapel Hill 0 - University of Arizona 3 |
TOP OF THE 9TH |
University of North Carolina at Chapel Hill Tar Heels batting - Pitching for University of Arizona Wildcats : LHP Lance Freake
|
Batting: SHB Ryan Marsh
|
0-0: Called Strike 0-1: Ball 1-1: Swinging Strike 1-2: SINGLE (Line Drive, 8RS, EV 85.6 MPH)
|
Batting: SHB Sam Fredrick
|
0-0: Called Strike 0-1: Grounds into double play, 3-6-3 (Groundball, 3, EV 106.2 MPH)
|
Batting: RHB Jeremy Rollins
|
0-0: Swinging Strike 0-1: Ball 1-1: Ball 2-1: Ground out 5-3 (Groundball, 5L, EV 100.6 MPH)
|
Top of the 9th over - 0 runs, 1 hit, 0 errors, 0 left on base; University of North Carolina at Chapel Hill 0 - University of Arizona 3 |
|